 Dungeon Crawl Stone Soup version 0.20-a0-493-g19c8d8d (webtiles) character file.

37 kidcy the Conjurer (level 3, 21/26 HPs)
             Began as a Draconian Conjurer on Jan 16, 2017.
             Quit the game on level 1 of the Dungeon.
             The game lasted 00:02:24 (1640 turns).

kidcy the Conjurer (Draconian Conjurer)             Turns: 1640, Time: 00:02:24

Health: 21/26      AC:  5    Str: 10    XL:     3   Next: 21%
Magic:  6/6        EV: 12    Int: 16    God:
Gold:   30         SH:  0    Dex: 11    Spells: 3/6 levels left

rFire    . . .     SeeInvis .   c - +0 club
rCold    . . .     Gourm    .   (armour unavailable)
rNeg     . . .     Faith    .   (no shield)
rPois    .         Spirit   .   (helmet restricted)
rElec    .         Reflect  .   (no cloak)
rCorr    .         Harm     .   (no gloves)
MR       .....                  (no boots)
Stlth    ++........             (no amulet)
Regen    0.1/turn               (no ring)
                                (no ring)

@: no status effects
A: unfitting armour, cold-blooded, AC +5
a: no special abilities


You were on level 1 of the Dungeon.
You were not hungry.

You visited 1 branch of the dungeon, and saw 1 of its levels.

You collected 30 gold pieces.

Inventory:

Hand Weapons
 c - a +0 club (weapon)
Scrolls
 e - a scroll of immolation {unknown}
 g - a scroll of identify {unknown}
 h - a scroll of blinking {unknown}
 m - 3 scrolls of fog {unknown}
Potions
 d - a potion of mutation {unknown}
 f - a potion of haste {unknown}
 i - a potion of cure mutation {unknown}
 j - a potion of beneficial mutation {unknown}
 l - a potion of berserk rage {unknown}
Books
 a - a book of Conjurations

   Spells                             Type                      Level
   a - Magic Dart                     Conjuration                  1
   b - Searing Ray                    Conjuration                  2
   c - Dazzling Spray                 Conjuration/Hexes            3
   d - Fulminant Prism                Conjuration/Hexes            4
   e - Iskenderun's Mystic Blast      Conjuration                  4
   f - Iskenderun's Battlesphere      Conjuration/Charms           5
Comestibles
 b - a bread ration
 k - 3 chunks of flesh


   Skills:
 - Level 1.7 Dodging
 - Level 1.7 Stealth
 + Level 2.2 Spellcasting
 * Level 5.0 Conjurations


You had 3 spell levels left.
You knew the following spells:

 Your Spells              Type           Power        Failure   Level  Hunger
a - Magic Dart            Conj           ###.         2%          1    #......
b - Searing Ray           Conj           ###...       4%          2    ###....


Dungeon Overview and Level Annotations

Branches:
Dungeon (1/15)

Altars:


Innate Abilities, Weirdness & Mutations

Your plain brown scales are hard. (AC +5)
You cannot fit into any form of body armour.
You are cold-blooded and may be slowed by cold attacks.


Message History

A rat is nearby!
The rat closely misses you.
You closely miss the rat.
Your tail-slap misses the rat.
The rat barely misses you.
You barely miss the rat. The rat misses you.
The rat bites you but does no damage.
You hit the rat.
The rat is heavily wounded.
The rat closely misses you.
You hit the rat.
You kill the rat!
No target in view!
No target in view!
No target in view!
No target in view!
Unknown command.
Unknown command.
Unknown command.
Unknown command.
Are you sure you want to abandon this character and quit the game? (Confirm with "yes".)

#........# #........
#.#.###..######..(####.
...#).##............
###.#................
..
#.......#..>.........
#.#.......#####........
#.....###.# #...###.#
####...##.# #...# ##.
#.#@##.# #...# ##
#.#†##.# ##.####
#......# #....#
###.###### ####^# ##...
...# #.### ....####.###
#..>.
#.##......#####.###
#.......#.......#
#.......#†.###..#


There were no monsters in sight!

Vanquished Creatures
  An ooze (D:1)
  A dart slug (D:1)
  2 bats (D:1)
  A giant cockroach (D:1)
  5 goblins (D:1)
  4 hobgoblins (D:1)
  5 jackals (D:1)
  4 kobolds (D:1)
  6 rats (D:1)
29 creatures vanquished.

Notes
Turn   | Place    | Note
-------+----------+-------------------------------------------
     0 | D:1      | kidcy the Draconian Conjurer began the quest for the Orb.
     0 | D:1      | Reached XP level 1. HP: 14/14 MP: 3/3
   600 | D:1      | Reached XP level 2. HP: 20/20 MP: 0/5
   655 | D:1      | Learned a level 2 spell: Searing Ray
  1289 | D:1      | Reached XP level 3. HP: 18/26 MP: 4/6
  1598 | D:1      | Reached skill level 5 in Conjurations
  1640 | D:1      | Quit the game

Vault maps used:
D:1:      dpeg_arrival_court

Skill      XL: |  1  2  3 |
---------------+----------+-----
Conjurations   | 5 |  5.0
Dodging        | |  1.7
Stealth        | |  1.7
Spellcasting   | |  2.2

Action                   || total
-------------------------++-------
Melee: Unarmed           ||    30
       Tailslap          ||     5
       Club              ||    70
 Cast: Magic Dart        ||    32
 Stab: Sleeping          ||     1
  Eat: Chunk             ||     3
Armor: Skin              ||    46
Dodge: Dodged            ||    91
